 Dungeon Crawl Stone Soup version 0.25.1-2-g60ff931df9 (webtiles) character file.

Game seed: 7670142486945787287

2501 Jukra the Covert (level 9, -1/58 HPs)
             Began as a Felid Berserker on Aug 30, 2020.
             Was an Elder of Trog.
             Slain by a yak (6 damage)
             ... on level 8 of the Dungeon.
             The game lasted 00:34:22 (8733 turns).

Jukra the Covert (Felid Berserker)                  Turns: 8733, Time: 00:34:23

Health: -1/58      AC:  6    Str: 21    XL:     9   Next: 28%
Magic:  10/10      EV: 23    Int:  9    God:    Trog [****..]
Gold:   494        SH:  0    Dex: 15    Spells: 8/8 levels left
                                        Lives:  0   Deaths: 2

rFire    . . .     SeeInvis +     - Unarmed
rCold    + . .     Gourm    .   (shield unavailable)
rNeg     + . .     Faith    +   (armour unavailable)
rPois    .         Spirit   .   (helmet unavailable)
rElec    +         Reflect  .   (cloak unavailable)
rCorr    .         Harm     .   (gloves unavailable)
MR       +++..                  (boots unavailable)
Stlth    ..........             A - amulet of Ritra {Faith rElec Str+3 Stlth+}
HPRegen  1.19/turn              G - +4 ring of protection
MPRegen  0.12/turn              E - ring of positive energy

@: berserking, regenerating, very quick
A: very small, no armour, no weapons or thrown items, stealth, claws 1, fangs 3,
horns 1, see invisible, blink, carnivore, cold resistance 1, speed 1, shaggy fur
2, slow metabolism 1, strong 1, sharp paws
a: Blink, Berserk, Trog's Hand, Brothers in Arms, Renounce Religion


You were on level 8 of the Dungeon.
You worshipped Trog.
Trog was greatly pleased with you.
You were not hungry.

You visited 1 branch of the dungeon, and saw 8 of its levels.

You collected 494 gold pieces.

Inventory:

Hand Weapons
 j - a +1 short sword of speed
 s - a +2 falchion of flaming
 v - a +2 dagger of venom
 B - the +9 dagger "Mifopnu" {venom, *Slow rElec rF- Int+8, unknown}
   (You found it on level 6 of the Dungeon)

   It poisons the flesh of those it strikes.
   It affects your intelligence (+8).
   It makes you vulnerable to fire.
   It insulates you from electricity.
   It may slow you when you take damage.
 D - a +1 vampiric demon whip
 H - a +0 demon trident of pain
Missiles
 p - 3 atropa-tipped darts
Magical Staves
 I - an uncursed staff of air {unknown}
Jewellery
 k - an uncursed amulet of magic regeneration
 n - an uncursed ring of resist corrosion
 r - an uncursed amulet of guardian spirit
 w - an uncursed ring of wizardry
 A - the amulet of Ritra (around neck) {Faith rElec Str+3 Stlth+}
   (You found it on level 6 of the Dungeon)

   [amulet of faith]

   It allows you to gain divine favour quickly.
   It affects your strength (+3).
   It insulates you from electricity.
   It makes you more stealthy.
 E - a ring of positive energy (right paw)
 G - a +4 ring of protection (left paw)
Wands
 d - a wand of polymorph (29)
 l - a wand of digging (4)
 C - a wand of random effects (55)
Scrolls
 c - 3 scrolls of remove curse
 e - 5 scrolls of identify
 g - 4 scrolls of teleportation
 m - a scroll of fog {unknown}
 o - a scroll of noise {unknown}
 q - a scroll of blinking {unknown}
 t - a scroll of torment {unknown}
 u - a scroll of fear {unknown}
 y - 2 scrolls of immolation {unknown}
 z - a scroll of magic mapping {unknown}
Potions
 b - a potion of heal wounds
 f - 3 potions of curing
 h - a potion of degeneration
 i - 2 potions of magic
Comestibles
 a - 12 rations


   Skills:
 + Level 4.4 Fighting
 + Level 8.5 Dodging
 + Level 11.3 Stealth
 + Level 11.1 Unarmed Combat


You had 8 spell levels left.
You didn't know any spells.
Your spell library contained the following spells:

 Spells                   Type           Power        Failure   Level  Hunger
 Foxfire                  Conj/Fire      #...         38%         1    ##.....
 Freeze                   Ice            #...         38%         1    ##.....
 Summon Small Mammal      Summ           #...         38%         1    ##.....
 Call Imp                 Summ           #.......     52%         2    ###....
 Call Canine Familiar     Summ           #.......     77%         3    ####...
 Conjure Flame            Conj/Fire      #.......     77%         3    ####...
 Frozen Ramparts          Ice            #.....       77%         3    ####...
 Inner Flame              Hex/Fire       #.......     77%         3    ####...
 Ozocubu's Armour         Chrm/Ice       #.......     77%         3    ####...
 Summon Guardian Golem    Hex/Summ       #.......     77%         3    ####...
 Hailstorm                Conj/Ice       #.......     99%         4    #####..
 Sticky Flame             Conj/Fire      #.......     99%         4    #####..
 Summon Ice Beast         Ice/Summ       #.......     99%         4    #####..
 Summon Lightning Spire   Summ/Air       #.......     99%         4    #####..
 Fireball                 Conj/Fire      #.........   100%        5    ######.


Dungeon Overview and Level Annotations

Branches:
Dungeon (8/15)             Temple (0/1) D:4
   Lair: D:8-11

Altars:
Ashenzari
Cheibriados
Elyvilon
Fedhas
Hepliaklqana
Kikubaaqudgha
Makhleb
Ru
Sif Muna
Trog
Vehumet
Yredelemnul

Shops:
D:4 :   D:7 %


Innate Abilities, Weirdness & Mutations

You cannot wear armour.
You are incapable of wielding weapons or throwing items.
Your paws allow you to move quietly. (Stealth)
You have sharp claws.
You have razor-sharp teeth.
You have supernaturally acute eyesight. (SInv)
You are carnivorous and can eat meat at any time.
You cover ground quickly.
You are covered in thick fur. (AC +2)
You have a slow metabolism.
Your sharp claws are effective at attacking unaware monsters.
You have a pair of small horns on your head.
You can translocate small distances at will.
Your flesh is cold resistant. (rC+)
Your muscles are strong. (Str +2)


Message History

You kill the yak!
Trog accepts your kill.
Your Unarmed Combat skill increases to level 11!
You closely miss the big kobold. You claw the big kobold!
The big kobold is heavily wounded.
The dream sheep bites you.
* * * LOW HITPOINT WARNING * * *
The big kobold hits you with a +0 whip.
* * * LOW HITPOINT WARNING * * *
You mangle the big kobold!!
You kill the big kobold!
Trog accepts your kill.
You claw the dream sheep!
The dream sheep is heavily wounded.
The dream sheep completely misses you.
You mangle the dream sheep!!
You kill the dream sheep!
Trog accepts your kill.
You barely miss the yak. Your headbutt misses the yak. The yak gores you.
You die...

##.#### .#..##
⌠.#..#######
.#.........##########
#..######..#....%#.%#
##.# ###.##≈.[.%'.%#
#..####....#...P.'..#
.#......##..≈..%.Y..#
⌠.#.########...†@#..#
.#..# #≈.P≈P##+#
##.## #P≈≈≈≈# .##
#PP≈P.+ .# ####### #
#


You could see a yak.

Vanquished Creatures
  A flayed ghost (D:8)
  Psyche (D:8)
  Grinder (D:6)
  2 dream sheep (D:8)
  A yak (D:8)
  4 wraiths (D:8)
  A shadow (D:8)
  3 fire bats (D:8)
  A hungry ghost (D:7)
  4 ogres
  2 ice beasts
  2 phantoms
  A centaur (D:7)
  2 big kobolds (D:8)
  2 bullfrogs (D:7)
  A wyvern skeleton (D:8)
  A water moccasin skeleton (D:6)
  3 crimson imps
  A centaur zombie (D:7)
  An orc priest (D:6)
  A centaur skeleton (D:6)
  2 bullfrog skeletons
  2 hounds
  8 worker ants
  4 gnolls (D:3)
  10 adders
  3 shadow imps
  2 oozes
  2 adder skeletons
  2 worms
  3 dart slugs
  4 leopard geckos
  18 orcs
  A ball python (D:5)
  7 giant cockroaches
  6 goblins
  7 hobgoblins
  10 jackals
  7 kobolds
  A quokka (D:8)
  13 bats
  6 frilled lizards
  2 gnoll zombies (D:4)
  2 quokka skeletons
  A quokka zombie (D:6)
  11 rats
170 creatures vanquished.

Vanquished Creatures (others)
  A human (D:3)
1 creature vanquished.

Grand Total: 171 creatures vanquished

Notes
Turn   | Place    | Note
-------+----------+-------------------------------------------
     0 | D:1      | Jukra the Felid Berserker began the quest for the Orb.
     0 | D:1      | Reached XP level 1. HP: 10/10 MP: 2/2
   306 | D:1      | Reached XP level 2. HP: 14/14 MP: 3/3
   831 | D:1      | Reached skill level 1 in Stealth
  1058 | D:2      | Reached XP level 3. HP: 15/17 MP: 4/4
  1118 | D:2      | Reached ** piety under Trog
  1781 | D:2      | Reached XP level 4. HP: 21/21 MP: 5/5
  2354 | D:3      | Reached skill level 5 in Dodging
  2546 | D:3      | Reached XP level 5. HP: 23/24 MP: 6/6
  2916 | D:3      | Reached *** piety under Trog
  2956 | D:3      | Found an ancient bone altar of Kikubaaqudgha.
  2958 | D:3      | Noticed a human
  2960 | D:3      | Killed a human
  3350 | D:2      | Found a snail-covered altar of Cheibriados.
  3520 | D:4      | Reached skill level 5 in Unarmed Combat
  3663 | D:4      | Gained mutation: You are covered in thick fur. (AC +2)
                  | [Felid growth]
  3663 | D:4      | Reached XP level 6. HP: 28/28 MP: 7/7
  3695 | D:4      | Found a staircase to the Ecumenical Temple.
  3718 | D:4      | Found Kobeys's Book Shoppe.
  4341 | D:4      | Found a basalt altar of Yredelemnul.
  4626 | D:5      | Entered Level 5 of the Dungeon
  4972 | D:5      | Reached skill level 5 in Stealth
  4972 | D:5      | Reached XP level 7. HP: 31/31 MP: 8/8
  5251 | D:5      | Found a radiant altar of Vehumet.
  5378 | D:5      | Found a white marble altar of Elyvilon.
  5463 | D:5      | Found a bloodstained altar of Trog.
  5684 | D:5      | Found a shimmering blue altar of Sif Muna.
  5997 | D:6      | Reached **** piety under Trog
  5998 | D:6      | HP: 1/46 [ice beast (3)]
  5998 | D:6      | Mangled by an ice beast
  5999 | D:6      | Reached XP level 6. HP: -10/42 MP: 0/7
  6129 | D:6      | Killed an ice beast
  6150 | D:6      | Got a crude jade amulet
  6157 | D:6      | Got a crude dagger
  6159 | D:6      | Identified the amulet of Ritra {Faith rElec Str+3 Stlth+}
                  | (You found it on level 6 of the Dungeon)
  6257 | D:6      | Noticed Grinder
  6259 | D:6      | Killed Grinder
  6259 | D:6      | Reached XP level 7. HP: 31/31 MP: 8/8
  6765 | D:6      | Found a shattered altar of Ashenzari.
  6765 | D:6      | Found a sacrificial altar of Ru.
  6784 | D:6      | Noticed a moth of wrath
  6787 | D:6      | Found a bloodstained altar of Trog.
  7006 | D:7      | Reached XP level 8. HP: 36/36 MP: 9/9
  7106 | D:7      | Found Erchil's Food Shop.
  7560 | D:8      | Found an ancient bone altar of Kikubaaqudgha.
  7565 | D:8      | Found a runed translucent door.
  7570 | D:8      | Found a blossoming altar of Fedhas.
  7578 | D:8      | Noticed a flayed ghost
  7584 | D:8      | Killed a flayed ghost
  7600 | D:8      | Gained mutation: Your flesh is cold resistant. (rC+)
                  | [potion of mutation]
  7600 | D:8      | Gained mutation: You can translocate small distances at
                  | will. [potion of mutation]
  7600 | D:8      | Gained mutation: You have a pair of small horns on your
                  | head. [potion of mutation]
  7600 | D:8      | Gained mutation: Your muscles are strong. (Str +2) [potion
                  | of mutation]
  7606 | D:8      | Found a snail-covered altar of Cheibriados.
  7655 | D:8      | Reached XP level 9. HP: 21/39 MP: 10/10
  7796 | D:8      | Found a hazy altar of Hepliaklqana.
  7803 | D:8      | Reached skill level 10 in Stealth
  8116 | D:8      | Found a bloodstained altar of Trog.
  8145 | D:8      | Reached skill level 10 in Unarmed Combat
  8149 | D:8      | Found a burning altar of Makhleb.
  8562 | D:8      | Noticed Psyche
  8570 | D:8      | Killed Psyche
  8588 | D:8      | Mangled by an orc warrior
  8589 | D:8      | Reached XP level 8. HP: -10/36 MP: 9/9
  8715 | D:8      | Noticed a dream sheep
  8715 | D:8      | Noticed a dream sheep
  8726 | D:8      | Killed a dream sheep
  8726 | D:8      | Reached XP level 9. HP: 10/39 MP: 10/10
  8729 | D:8      | HP: 2/58 [big kobold/+0 whip (4)]
  8733 | D:8      | Slain by a yak

Illustrated notes

Levels and vault maps discovered:
D:1:      denvon_arrival_planthouse, layout_basic
D:2:      layout_loops_ring, nicolae_overflow_hidden_temple, first_ration
D:3:      layout_loops_corners, grunt_ministairs_1, tgw_kikubaaqudgha
D:4:      wander_river, layout_loops_cross, lemuel_zombie_altar_yredelemnul,
          lemuel_temple_firewalk_a, kennysheep_windowed_goal
D:5:      layout_layer_cave, kennysheep_mini, lemuel_round_altar,
          kennysheep_mini_moat, lemuel_blue_sif_altar
D:6:      layout_loops_ring, gammafunk_temple_overflow_elements, tgw_trog,
          uniq_grinder
D:7:      layout_rooms, serial_shops, shop_fountains
D:8:      due_megacathedral, layout_rooms,
          grunt_temple_overflow_order_and_chaos_2, grunt_decor_mini_mirrors,
          hangedman_ranch [blue_anna_fruit_fields], uniq_grum, uniq_psyche

Skill      XL: |  1  2  3  4  5  6  7  8  9 |
---------------+----------------------------+-----
Stealth        | 1 2 3 7 6 9 11 | 11.3
Unarmed Combat | 4 5 7 8 9 11 | 11.1
Dodging        | 5 6 7 8 |  8.5
Fighting       | 4 |  4.4

Action                   |  1- 3 |  4- 6 |  7- 9 || total
-------------------------+-------+-------+-------++-------
Melee: Unarmed           |    88 |   162 |   218 ||   468
       Bite              |     4 |    14 |    26 ||    44
       Punch             |     2 |     4 |    11 ||    17
       Headbutt          |       |       |    21 ||    21
Invok: Trog's Hand       |       |     2 |     3 ||     5
       Berserk           |       |     1 |     3 ||     4
 Abil: Blink             |       |       |     1 ||     1
  Use: Scroll            |     5 |       |     2 ||     7
       Potion            |     2 |       |     7 ||     9
 Stab: Sleeping          |     5 |    17 |    18 ||    40
       Invisible         |       |       |     1 ||     1
  Eat: Chunk             |     9 |    12 |    14 ||    35
Armor: Skin              |     7 |     2 |    16 ||    25
Dodge: Dodged            |    88 |   125 |   220 ||   433
